 Dungeon Crawl Stone Soup version 0.28.0-53-g5a82cb258f (console) character file.

Game seed: 9413530378466062036

33103 Banquo the Cleaver (level 13, -3/108 HPs)
             Began as a Gargoyle Fighter on July 30, 2022.
             Was a High Priest of Hepliaklqana.
             Slain by a meliai
             ... wielding a +0 hand axe
              (5 damage)
             ... on level 5 of the Lair of Beasts on July 31, 2022.
             The game lasted 01:02:25 (17621 turns).

Banquo the Cleaver (Gargoyle Fighter)              Turns: 17621, Time: 01:02:26

Health: -3/108     AC: 35    Str: 30    XL:     13   Next: 68%
Magic:  18/18      EV:  9    Int:  8    God:    Hepliaklqana [*****.]
Gold:   933        SH:  5    Dex: 11    Spells: 12/12 levels left

rFire   . . .      SeeInvis .   a - +5 broad axe (flame)
rCold   . . .      Faith    .   i - +0 buckler
rNeg    + . .      Spirit   .   d - +0 plate armour
rPois   ∞          Reflect  .   h - +0 helmet
rElec   +          Harm     .   e - +0 cloak
rCorr   .          Rampage  .   g - +2 pair of gloves
Will    .....                   f - +0 pair of boots
Stlth   ..........              l - amulet of the acrobat
HPRegen 0.28/turn               z - +6 ring of strength
MPRegen 0.16/turn               A - +4 ring of protection

@: berserking (expiring), very quick
A: reduced essence, sickness immunity, AC +9, negative energy resistance 1,
electricity resistance, torment resistance 1, petrification resistance
a: Renounce Religion, Recall Ancestor, Ancestor Identity, Transference, Idealise


You were on level 5 of the Lair of Beasts.
You worshipped Hepliaklqana.
Hepliaklqana was extremely pleased with you.
You visited 3 branches of the dungeon, and saw 16 of its levels.
You also visited: Sewer.

You collected 933 gold pieces.

Inventory:

Hand Weapons
 a - a +5 broad axe of flaming (weapon)
 b - a +4 trident
 x - a +0 war axe of electrocution
Missiles
 J - 16 boomerangs (quivered)
 R - 4 throwing nets
 V - 6 javelins
Armour
 d - a +0 plate armour (worn)
 e - a +0 cloak (worn)
 f - a +0 pair of boots (worn)
 g - a +2 pair of gloves (worn)
 h - a +0 helmet (worn)
 i - a +0 buckler (worn)
Jewellery
 c - an amulet of reflection
 l - an amulet of the acrobat (around neck)
 t - a ring of ice
 z - a +6 ring of strength (left hand)
 A - a +4 ring of protection (right hand)
Wands
 y - a wand of mindburst (5)
 D - a wand of digging (8)
 K - a wand of iceblast (25)
 M - a wand of flame (10)
Scrolls
 j - 3 scrolls of blinking
 m - 8 scrolls of teleportation {unknown}
 o - a scroll of silence
 p - 3 scrolls of fog
 r - 2 scrolls of identify
 w - a scroll of enchant weapon {unknown}
 B - 3 scrolls of magic mapping
 F - 2 scrolls of summoning
 L - 3 scrolls of fear
 O - a scroll of noise {unknown}
 T - a scroll of torment
Potions
 k - a potion of ambrosia
 n - a potion of haste
 q - 5 potions of curing
 s - 3 potions of flight
 u - 6 potions of heal wounds
 v - 3 potions of resistance
 G - a potion of brilliance
 P - 3 potions of invisibility
 S - 2 potions of might
 U - a potion of cancellation


   Skills:
 * Level 9.5 Fighting
 * Level 14.9 Axes
 * Level 9.8 Armour
 * Level 5.6 Dodging
 * Level 8.1 Shields
 * Level 7.5 Invocations


You had 12 spell levels left.
You didn't know any spells.
Your spell library contained the following spells:

 Spells                   Type           Power      Damage    Failure   Level
 Animate Skeleton         Necr           0%         N/A       98%         1
 Pain                     Necr           0%         1d4       98%         1
 Scorch                   Fire           0%         2d5       99%         2
 Swiftness                Air            0%         N/A       100%        3
 Tukima's Dance           Hex            0%         N/A       100%        3
 Vampiric Draining        Necr           0%         2d6       100%        3
 Anguish                  Hex/Necr       0%         N/A       100%        4
 Flame Wave               Conj/Fire      0%         2d4       100%        4
 Passage of Golubria      Tloc           0%         N/A       100%        4
 Fireball                 Conj/Fire      0%         3d3       100%        5
 Yara's Violent Unravell  Hex/Tmut       0%         3d3       100%        5
 Enfeeble                 Hex            0%         N/A       100%        7


Dungeon Overview and Level Annotations

Branches:
Dungeon (10/15)            Temple (1/1) D:4            Lair (5/6) D:10
 Shoals (0/4) Lair:4        Snake (0/4) Lair:4        Sewer (visited)
  Slime: Lair:5-6       Orc: D:9-12

Altars:
Ashenzari
Cheibriados
Dithmenos
Elyvilon
Fedhas
Gozag
Hepliaklqana
Kikubaaqudgha
Makhleb
Nemelex Xobeh
Okawaru
Qazlal
Ru
Sif Muna
Trog
Uskayaw
Vehumet
Wu Jian
Xom
Yredelemnul
Zin
The Shining One
Beogh

Shops:
D:2 (=(

Annotations:
D:7 2 transporters
Lair:1 3 runed translucent doors, Condegh's ghost, journeyman GrEE
Lair:2 3 runed translucent doors, Zoobame's ghost, journeyman DEWz
Lair:4 1 runed translucent door, exclusion: oklob plant, SnailSD's ghost, journeyman MiBe


Innate Abilities, Weirdness & Mutations

Your life essence is reduced to manifest your ancestor. (-10% HP)
You are immune to sickness and miasma.
Your stone body is resilient. (AC +9)
You are immune to poison.
You resist negative energy. (rN+)
You are resistant to electric shocks. (rElec)
You are resistant to unholy torment.
You are immune to petrification.


Message History

You slice the killer bee!! You burn the killer bee.
You kill the killer bee!
You slash the killer bee! You burn the killer bee.
You kill the killer bee!
You slash the meliai! You burn the meliai.
The meliai hits you but does no damage.
The meliai stings you but does no damage.
The meliai hits you with a +0 hand axe.
* * * LOW HITPOINT WARNING * * *
The meliai barely misses you. You block the killer bee's attack.
You completely miss the meliai.
The meliai is heavily wounded.
You slash the killer bee! You burn the killer bee. You slash the killer bee!
You burn the killer bee. The meliai barely misses you.
You block the meliai's attack.
The killer bee stings you but does no damage. x2
The queen bee calls on the killer bee to defend it!
The killer bee goes berserk!
The meliai hits you but does no damage. The meliai stings you!
* * * LOW HITPOINT WARNING * * *
You barely miss the meliai.
The meliai is heavily wounded.
You closely miss the killer bee. You slash the killer bee!
You burn the killer bee.
You kill the killer bee!
The meliai completely misses you.
The meliai stings you but does no damage.
The killer bee barely misses you. The meliai hits you with a +0 hand axe!
* * * LOW HITPOINT WARNING * * *
The meliai stings you but does no damage.
You slash the meliai! You burn the meliai.
The meliai is almost dead.
You hit the queen bee but do no damage. You barely miss the killer bee.
The meliai hits you but does no damage.
The meliai stings you but does no damage.
The killer bee stings you.
* * * LOW HITPOINT WARNING * * *
The killer bee stings you but does no damage.
The meliai hits you with a +0 hand axe.
You die...

## ####..
#############......
#..#.##.#P....#...#
######.................
##.P##.#......y#.P.P..##
####............@y.........
#.#.....P.......#y...##.#
#........P......##.†.P..#
..............######....#
......##P.....# ....#
.....########## .D...#
(..### y...## #.## y...#
#..# y....


You could see a queen bee, a meliai (berserk) and a killer bee.

Vanquished Creatures
  Harold (D:9)
  Erica (Lair:2)
  4 hydras
  4 two-headed ogres
  3 death yaks
  Joseph (D:7)
  2 black mambas
  11 cane toads
  2 rime drakes
  5 komodo dragons
  A hornet (D:8)
  A troll (D:9)
  22 blink frogs
  2 polar bears
  Grinder (D:6)
  A wyvern (Lair:3)
  23 yaks
  A vampire (D:9)
  3 basilisks
  Menkaure (D:5)
  2 nagas (Lair:4)
  2 acid dragons
  7 water moccasins
  An ice beast (D:6)
  3 black bears
  3 orc warriors
  A sky beast (D:8)
  A hornet zombie (D:7)
  6 wolves
  2 ogres
  2 centaurs
  A kobold brigand (D:9)
  10 bullfrogs
  4 scorpions
  A hexer (Lair:5)
  A water moccasin skeleton (D:6)
  11 killer bees
  3 wights (D:10)
  2 crimson imps (D:8)
  5 centaur zombies
  2 hounds (D:5)
  3 orc priests
  A jelly (D:6)
  A centaur skeleton (D:4)
  Jessica (D:3)
  2 iguanas (D:6)
  4 orc wizards
  A hell rat (Sewer)
  2 killer bee zombies (D:7)
  A howler monkey zombie (D:5)
  A howler monkey skeleton (D:7)
  10 adders
  2 river rats (Sewer)
  2 white imps
  2 dart slugs
  20 orcs
  11 endoplasms
  4 giant cockroaches
  12 goblins
  6 hobgoblins
  8 jackals
  2 quokkas (D:1)
  4 ball pythons
  3 bats
  5 frilled lizards
  7 kobolds
  15 rats
290 creatures vanquished.

Vanquished Creatures (collateral kills)
  A hydra (Lair:4)
  The ghost of solomon12318 the Magician, a novice DrCj of Yredelemnul (D:6)
  A black mamba (Lair:5)
  Maggie (Lair:1)
  Prince Ribbit (D:9)
  3 blink frogs
  3 yaks
  A basilisk (Lair:3)
  A naga (Lair:4)
  2 water moccasins
  A sky beast (D:8)
  6 wolves
  A bullfrog (Lair:4)
  3 killer bees
  A wight (D:10)
  2 crimson imps (D:8)
  A hound (D:6)
  A bullfrog zombie (D:6)
  An orc priest (D:9)
  Crazy Yiuf (D:6)
  An orc wizard (D:9)
  An adder (D:4)
  A worm (D:4)
  3 orcs
  A butterfly (Lair:5)
40 creatures vanquished.

Vanquished Creatures (others)
  6 hexers
  22 fungi
  34 plants
62 creatures vanquished.

Grand Total: 392 creatures vanquished

Notes
Turn   | Place    | Note
-------+----------+-------------------------------------------
     0 | D:1      | Banquo the Gargoyle Fighter began the quest for the Orb.
     0 | D:1      | Reached XP level 1. HP: 14/14 MP: 1/1
    70 | D:1      | Reached skill level 2 in Axes
   225 | D:1      | Reached XP level 2. HP: 3/19 MP: 2/2
   711 | D:1      | Found a faded altar of an unknown god.
  1193 | D:1      | Reached skill level 3 in Axes
  1300 | D:1      | Reached XP level 3. HP: 21/23 MP: 3/3
  2025 | D:2      | Reached XP level 4. HP: 28/28 MP: 4/4
  2070 | D:2      | Found Wurir's Jewellery Boutique.
  2134 | D:2      | Found Peaschyog's Weapon Shoppe.
  2271 | D:2      | Found Vuuzeop's Antique Weapon Boutique.
  2432 | D:3      | Reached skill level 4 in Axes
  2504 | D:3      | Noticed Jessica
  2512 | D:3      | Killed Jessica
  2621 | D:3      | Found a glowing drain.
  2627 | D:3      | Reached XP level 5. HP: 32/32 MP: 5/5
  2651 | Sewer    | Entered a sewer
  2736 | Sewer    | Reached skill level 5 in Axes
  3615 | D:4      | Noticed an ogre
  3619 | D:4      | Killed an ogre
  3620 | D:4      | Reached XP level 6. HP: 29/37 MP: 6/6
  3691 | D:4      | Identified a scroll of acquirement
  3691 | D:4      | Acquired a +5 broad axe of flaming
  3737 | D:4      | Reached skill level 6 in Axes
  4202 | D:4      | Reached XP level 7. HP: 40/41 MP: 7/7
  4206 | D:4      | Found a staircase to the Ecumenical Temple.
  4219 | Temple   | Entered the Ecumenical Temple
  4628 | Temple   | Became a worshipper of Hepliaklqana the Forgotten
  4812 | D:5      | Entered Level 5 of the Dungeon
  5041 | D:5      | Reached skill level 7 in Axes
  5324 | D:5      | Reached * piety under Hepliaklqana
  5653 | D:5      | Reached skill level 1 in Invocations
  5908 | D:5      | Noticed Menkaure
  5930 | D:5      | Killed Menkaure
  5931 | D:5      | Reached XP level 8. HP: 28/43 MP: 8/8
  6049 | D:5      | You fall into a shaft and drop 3 floors!
  6062 | D:8      | Found a shimmering altar of Xom.
  6077 | D:8      | Reached ** piety under Hepliaklqana
  6078 | D:8      | Remembered your ancestor Belshunu as a hexer
  6115 | D:8      | Reached skill level 1 in Dodging
  6137 | D:8      | Noticed a hornet
  6147 | D:8      | Reached skill level 8 in Axes
  6162 | D:8      | Killed a hornet
  6326 | D:8      | Noticed a two-headed ogre
  6388 | D:8      | Noticed a yak
  6388 | D:8      | Noticed a yak
  6440 | D:9      | Noticed a yak
  6441 | D:9      | Noticed a yak
  6441 | D:9      | Noticed a yak
  6444 | D:9      | Noticed a yak
  6448 | D:9      | Killed a yak
  6449 | D:9      | Reached XP level 9. HP: 46/46 MP: 10/10
  6451 | D:9      | Reached skill level 5 in Armour
  6454 | D:9      | Reached skill level 9 in Axes
  6458 | D:9      | Reached skill level 5 in Fighting
  6623 | D:9      | Noticed Harold
  6623 | D:9      | Noticed Prince Ribbit
  6636 | D:9      | Killed Harold
  6657 | D:9      | Killed Prince Ribbit
  6658 | D:9      | Reached skill level 10 in Axes
  6658 | D:9      | Reached skill level 5 in Shields
  6922 | D:7      | Reached XP level 10. HP: 54/54 MP: 12/12
  7359 | D:6      | Noticed Grinder
  7370 | D:6      | Killed Grinder
  7620 | D:6      | Reached *** piety under Hepliaklqana
  8026 | D:6      | Found a runed translucent door.
  8031 | D:6      | Noticed solomon12318's ghost (novice DrCj)
  8053 | D:6      | Killed solomon12318's ghost
  8428 | D:6      | Found a runed translucent door.
  8429 | D:6      | Noticed Crazy Yiuf
  8444 | D:6      | Killed Crazy Yiuf
  8686 | D:7      | Found a transporter.
  8688 | D:7      | Noticed an ogre mage
  9105 | D:7      | Noticed Joseph
  9128 | D:7      | Killed Joseph
  9129 | D:7      | Reached skill level 11 in Axes
  9292 | D:7      | Found a transporter.
  9762 | D:8      | Killed a two-headed ogre
 10042 | D:8      | Reached XP level 11. HP: 59/59 MP: 14/14
 10050 | D:8      | Reached skill level 5 in Invocations
 10116 | D:8      | Identified the +3 quarterstaff of Paper {venom, Drain rC+
                  | rCorr}
 11203 | D:10     | Entered Level 10 of the Dungeon
 11370 | D:10     | Reached **** piety under Hepliaklqana
 11373 | D:10     | Found a staircase to the Lair.
 11492 | D:10     | Noticed a two-headed ogre
 11509 | D:10     | Killed a two-headed ogre
 11510 | D:10     | Reached skill level 12 in Axes
 11583 | D:10     | Noticed a two-headed ogre
 11598 | D:10     | Killed a two-headed ogre
 11991 | D:10     | Noticed a two-headed ogre
 12001 | D:10     | Killed a two-headed ogre
 12274 | Lair:1   | Entered Level 1 of the Lair of Beasts
 12355 | Lair:1   | Noticed an eight-headed hydra
 12364 | Lair:1   | Killed a five-headed hydra
 12413 | Lair:1   | Noticed Maggie
 12421 | Lair:1   | Killed Maggie
 12623 | Lair:1   | Got the Volume of Fiery Flight
 12630 | Lair:1   | Noticed an ice dragon
 12632 | Lair:1   | Noticed Condegh's ghost (journeyman GrEE)
 12745 | Lair:1   | Reached XP level 12. HP: 53/64 MP: 16/16
 12974 | Lair:1   | Reached skill level 13 in Axes
 13037 | Lair:1   | Found a runed translucent gate.
 13037 | Lair:1   | Found a runed translucent gate.
 13037 | Lair:1   | Found a runed translucent gate.
 13483 | Lair:2   | Reached ***** piety under Hepliaklqana
 13898 | Lair:2   | Noticed an eight-headed hydra
 13912 | Lair:2   | Killed a four-headed hydra
 14234 | Lair:2   | Found a runed translucent gate.
 14234 | Lair:2   | Found a runed translucent gate.
 14234 | Lair:2   | Found a runed translucent gate.
 14240 | Lair:2   | Noticed a four-headed hydra
 14290 | Lair:2   | Noticed Zoobame's ghost (journeyman DEWz)
 14316 | Lair:2   | Noticed Erica
 14328 | Lair:2   | Killed Erica
 14798 | Lair:3   | Reached skill level 14 in Axes
 14802 | Lair:3   | Reached skill level 5 in Dodging
 14930 | Lair:3   | Reached XP level 13. HP: 72/72 MP: 18/18
 15737 | Lair:4   | Found a staircase to the Shoals.
 15785 | Lair:4   | Found a runed translucent door.
 15785 | Lair:4   | Noticed SnailSD's ghost (journeyman MiBe)
 15835 | Lair:4   | Found a staircase to the Snake Pit.
 17620 | Lair:5   | HP: 4/108 [meliai/+0 hand axe (11)]
 17621 | Lair:5   | Slain by a meliai

Illustrated notes

Levels and vault maps discovered:
D:1:      minmay_arrival_diagonal_passages, layout_basic, basic_ecumenical_altar
D:2:      layout_basic, serial_shops, nicolae_shop_competitors_out_of_business,
          nicolae_shop_temple_entry_statues_fountains, nicolae_shop_behind_doors
D:3:      layout_loops_corners, gup_sewer_entry_glass, serial_glass,
          glass_columns_a, glass_columns_c, due_unseen_surprise,
          feat_on_display, feat_on_display, item_on_display_a,
          minmay_stone_trees_medium, amcnicky_mini_rare_corridor_liquid,
          kennysheep_boxes, uniq_jessica
D:4:      layout_gridville, minmay_temple_entry_tees
D:5:      layout_gridville, uniq_menkaure
D:6:      layout_loops_ring, ebering_ghost_sewer_d, kennysheep_generic_room_8,
          uniq_grinder, uniq_crazy_yiuf_cottage
D:7:      gammafunk_beogh_shrine, layout_loops_cross, uniq_joseph
D:8:      nicolae_cairo_tiling_very_big, layout_basic, led_xom_imps
D:9:      layout_irregular_city, dk_vineyard_1, uniq_prince_ribbit1, uniq_harold
D:10:     layout_basic, lair_entry_dummy
Temple:   mainiacjoe_temple_trianglar_array
Lair:1:   layout_long_grid, gammafunk_ghost_icy, uniq_maggie
Lair:2:   layout_regular_city, gammafunk_ghost_split,
          chequers_serial_rivers_micro_a, serial_bayou_shore_a,
          grunt_megastairs_1, uniq_erica
Lair:3:   layout_regular_city, lemuel_fruit_fields
Lair:4:   layout_loops_ring, shoals_dummy_entry, guppyfry_snake_entry_garden,
          enter_volcano_3, hellmonk_ghost_happy_afterlife,
          minmay_lair_oklob_bushes
Lair:5:   layout_loops_ring, special_room [special_room_bee],
          lemuel_fruit_fields

Skill      XL: |  1  2  3  4  5  6  7  8  9 10 11 12 13 |
---------------+----------------------------------------+-----
Axes           | 2 3 4 5 6 7 8 10 11 12 14 | 14.9
Invocations    | 1 2 3 4 5 6 7 |  7.5
Armour         | 4 5 7 8 9 |  9.8
Dodging        | 1 2 3 4 5 |  5.6
Fighting       | 4 5 6 7 8 9 |  9.5
Shields        | 4 5 6 7 8 |  8.1

Action                   |  1- 3 |  4- 6 |  7- 9 | 10-12 | 13-15 || total
-------------------------+-------+-------+-------+-------+-------++-------
Melee: War axe           |   121 |   118 |       |       |       ||   239
       Broad axe         |       |    18 |   111 |   372 |   155 ||   656
Invok: Recall Ancestor   |       |       |     3 |     2 |     2 ||     7
       Ancestor Life: He |       |       |     1 |       |       ||     1
       Idealise          |       |       |       |     1 |       ||     1
Evoke: Wand              |       |       |       |     2 |       ||     2
  Use: Scroll            |       |     9 |     4 |     9 |     3 ||    25
       Potion            |       |     1 |     2 |       |     1 ||     4
 Stab: Confused          |       |       |     1 |     5 |     1 ||     7
       Distracted        |       |       |     1 |     7 |     2 ||    10
Armor: Scale mail        |    69 |    60 |    68 |    64 |       ||   261
       Plate armour      |       |       |       |   166 |   116 ||   282
Dodge: Dodged            |    61 |    54 |    63 |   130 |    66 ||   374
Block: Buckler           |    30 |    17 |    25 |    78 |    46 ||   196
